 Dungeon Crawl Stone Soup version 0.28-a0-793-g31680bbd8b (webtiles) character file.

Game seed: 17051586860533417782

380507 Essalna the Warrior (level 22, -1/153 HPs)
             Began as a Gargoyle Fire Elementalist on Nov 4, 2021.
             Was the Champion of Vehumet.
             Slain by a vault warden (24 damage)
             ... while paralysed by a great orb of eyes
             ... on level 3 of the Vaults.
             The game lasted 01:49:31 (42717 turns).

Essalna the Warrior (Gargoyle Fire Elementalist)   Turns: 42717, Time: 01:49:31

Health: -1/153     AC: 28    Str: 14    XL:     22   Next: 87%
Magic:  63/63      EV:  2    Int: 37    God:    Vehumet [******]
Gold:   1628       SH:  0    Dex: 10    Spells: 30/57 levels left

rFire   + . .      SeeInvis .   Y - staff of cold
rCold   . . .      Faith    .   X - +0 buckler
rNeg    + . .      Spirit   .   M - +4 robe of Folly {Brilliance Will-∞ Int+8}
rPois   ∞          Reflect  .   U - +3 hat of Pondering {ponderous, Will+ MP+10 Int+5}
rElec   +          Harm     .   V - scarf {repulsion}
rCorr   .          Rampage  .   v - +1 pair of gloves
Will    .....                   (no boots)
Stlth   ++........              W - amulet of regeneration
HPRegen 1.35/turn               k - ring of fire
MPRegen 0.38/turn               r - ring of magical power

@: paralysed, frozen, flying, studying 2 skills, repel missiles, very slow
A: sickness immunity, AC +16, big wings, negative energy resistance 1,
electricity resistance, torment resistance 1, petrification resistance
}: 2/15 runes: decaying, serpentine
a: Renounce Religion


You were on level 3 of the Vaults.
You worshipped Vehumet.
Vehumet was exalted by your worship.
You visited 8 branches of the dungeon, and saw 37 of its levels.
You visited the Abyss 2 times.
You also visited: Ossuary and Ice Cave.

You collected 5950 gold pieces.
You spent 4322 gold pieces at shops.

Inventory:

Hand Weapons
 B - the +2 quarterstaff "Heebel" {drain, *Rage rF+ rC+ SInv}
   (You bought it in a shop on level 2 of the Snake Pit)

   A truly terrible weapon, it drains the life of any living foe it strikes.
   rF:        It protects you from fire.
   rC:        It protects you from cold.
   SInv:      It lets you see invisible.
   *Rage:     It berserks you when you make melee attacks (+20% chance).
 N - the +0 staff of Battle
   (You acquired it on level 1 of the Snake Pit)

   It enhances your conjuration magic.
   It summons a battlesphere in combat, with strength depending on Conjurations
   skill.
   Its strikes trigger the battlesphere's blasts.
Armour
 v - a +1 pair of gloves (worn)
 D - a +0 robe of willpower
 F - the +3 leather armour of Parlour Games {Regen+}
   (You bought it in a shop on level 13 of the Dungeon)

   Regen:     It increases your rate of health regeneration.
 M - the +4 robe of Folly (worn) {Brilliance Will-∞ Int+8}
   (You bought it in a shop on level 2 of the Orcish Mines)

   It increases the power of your magical spells.
   It halves the magic cost of your spells (rounding up).
   It reduces your willpower to zero.
   Int:       It affects your intelligence (+8).
 U - the +3 hat of Pondering (worn) {ponderous, Will+ MP+10 Int+5}
   (You took it off Gastronok on level 3 of the Lair of Beasts)

   Int:       It affects your intelligence (+5).
   MP:        It affects your magic capacity (+10).
   Will:      It increases your willpower.
 V - a scarf of repulsion (worn)
 X - a +0 buckler (worn)
Magical Staves
 j - a staff of fire
 m - a staff of death
 Y - a staff of cold (weapon)
Jewellery
 k - a ring of fire (left hand)
 p - the amulet of the Cuttlefish {RegenMP Dex+4}
   (You acquired it on level 13 of the Dungeon)

   [amulet of magic regeneration]

   It increases your rate of magic regeneration.
   Dex:       It affects your dexterity (+4).
 r - a ring of magical power (right hand)
 u - a ring of resist corrosion
 y - a +6 ring of strength
 z - a +6 ring of intelligence
 K - a ring of protection from fire
 L - an amulet of magic regeneration
 P - a ring of see invisible
 Q - a ring of ice
 R - a +4 ring of evasion
 W - an amulet of regeneration (around neck)
Wands
 n - a wand of charming (11)
 G - a wand of mindburst (20)
 J - a wand of digging (4)
Scrolls
 a - 5 scrolls of enchant armour
 b - 9 scrolls of immolation
 e - a scroll of brand weapon
 f - 4 scrolls of fear
 g - 2 scrolls of summoning
 h - 3 scrolls of magic mapping
 i - 4 scrolls of enchant weapon
 l - 15 scrolls of teleportation
 s - a scroll of holy word
 x - 14 scrolls of identify
 E - 6 scrolls of amnesia
 O - 4 scrolls of blinking
 Z - 2 scrolls of fog
Potions
 c - 2 potions of resistance
 d - 3 potions of invisibility
 o - 5 potions of heal wounds
 q - 20 potions of curing
 t - a potion of brilliance
 w - 6 potions of cancellation
 A - a potion of berserk rage
 C - 9 potions of mutation
 H - a potion of magic
 I - 3 potions of might
 S - 3 potions of haste
 T - 6 potions of ambrosia


   Skills:
 + Level 20.6 Fighting
 - Level 6.2 Armour
 + Level 9.8 Dodging
 - Level 2.1 Stealth
 - Level 4.0 Shields
 + Level 18.4 Spellcasting
 - Level 12.0 Conjurations
 + Level 20.0 Fire Magic
 + Level 17.3 Ice Magic


You had 30 spell levels left.
You knew the following spells:

 Your Spells              Type           Power      Damage    Failure   Level
b - Scorch                Fire           100%       2d10      0%          2
c - Flame Wave            Conj/Fire      100%       3d16      0%          4
d - Ozocubu's Refrigerat  Ice            76%        4d20      1%          7
e - Starburst             Conj/Fire      74%        6d19      1%          6
f - Ignition              Fire           80%        3d21      1%          8

Your spell library contained the following spells:

 Spells                   Type           Power      Damage    Failure   Level
 Polar Vortex             Ice            76%        N/A       21%         9
 Lehudib's Crystal Spear  Conj/Erth      43%        10d11     75%         8
 Foxfire                  Conj/Fire      100%       2x1d9     0%          1
 Freeze                   Ice            100%       1d11      0%          1
 Conjure Flame            Conj/Fire      100%       6-21      0%          3
 Frozen Ramparts          Ice            100%       1d12      0%          3
 Ozocubu's Armour         Ice            100%       N/A       0%          3
 Hailstorm                Conj/Ice       100%       3d20      0%          4
 Sandblast                Erth           100%       2d20      1%          1
 Slow                     Hex            100%       N/A       1%          1
 Passwall                 Tmut/Erth      41%        N/A       1%          2
 Ignite Poison            Fire/Tmut/Pois 100%       N/A       1%          3
 Inner Flame              Hex/Fire       100%       N/A       1%          3
 Mephitic Cloud           Conj/Pois/Air  77%        N/A       1%          3
 Stone Arrow              Conj/Erth      100%       3d13      1%          3
 Fulminant Prism          Conj/Hex       43%        3d20      1%          4
 Iskenderun's Mystic Bla  Conj/Tloc      87%        2d17      1%          4
 Freezing Cloud           Conj/Ice/Air   63%        6-21      1%          5
 Irradiate                Conj/Tmut      43%        3d28      1%          5
 Lightning Bolt           Conj/Air       43%        1d63      1%          5
 Call Canine Familiar     Summ           50%        N/A       2%          3
 Confusing Touch          Hex            50%        N/A       2%          3
 Portal Projectile        Hex/Tloc       100%       N/A       2%          3
 Vampiric Draining        Necr           50%        2d9       2%          3
 Airstrike                Air            25%        N/A       2%          4
 Lee's Rapid Deconstruct  Erth           25%        3d15*     7%          5
 Cause Fear               Hex            25%        N/A       9%          4
 Leda's Liquefaction      Hex/Erth       25%        N/A       9%          4
 Summon Lightning Spire   Summ/Air       50%        N/A       9%          4
 Blade Hands              Tmut           25%        N/A       26%         5
 Dragon Form              Tmut           25%        N/A       100%        7
 Discord                  Hex            25%        N/A       100%        8


Dungeon Overview and Level Annotations

Branches:
Dungeon (15/15)            Temple (1/1) D:7            Lair (6/6) D:9
  Swamp (4/4) Lair:4        Snake (4/4) Lair:4        Slime (0/5) Lair:5
    Orc (2/2) D:11            Elf (0/3) Orc:2        Vaults (4/5) D:13
  Crypt (0/3) Vaults:2     Depths (1/4) D:15        Ossuary (visited)
  IceCv (visited)

Altars:
Ashenzari
Cheibriados
Dithmenos
Elyvilon
Fedhas
Gozag
Hepliaklqana
Kikubaaqudgha
Makhleb
Nemelex Xobeh
Okawaru
Qazlal
Ru
Trog
Uskayaw
Vehumet
Xom
Yredelemnul
Zin
The Shining One
Beogh
Jiyva

Shops:
D:4 (   D:9 ?   D:13 [   Orc:2 =[*!   Snake:2 *   Vaults:1 *   Depths:1 =::

Portals:
Hell: Depths:1
Pandemonium: Orc:2 Depths:1

Annotations:
D:14 3 runed translucent doors, StikS32's ghost, journeyman MiFi
Vaults:4 2 transporters


Innate Abilities, Weirdness & Mutations

You are immune to sickness and miasma.
Your stone body is resilient. (AC +16)
You are immune to poison.
Your large and strong wings let you fly.
You resist negative energy. (rN+)
You are resistant to electric shocks. (rElec)
You are resistant to unholy torment.
You are immune to petrification.


Message History

An ironbound frostheart comes into view. 2 vault wardens come into view.
A vault warden is wielding a +3 bardiche of protection.
You're too confused to cast spells.
You're too confused to cast spells.
Unknown command.
You're too confused to cast spells.
You're too confused to cast spells.
The frost giant gestures at you while chanting.
The bolt of cold misses you.
The vault warden activates a sealing rune.
The vault warden activates a sealing rune.
You feel less confused. The great orb of eyes gazes at you.
You suddenly lose the ability to move!
The ironbound preserver gestures wildly while chanting.
The ironbound preserver begins to accept its allies' injuries.
The frost giant casts a spell at you. The bolt of cold hits you!!
The ironbound convoker gestures at the ironbound preserver while chanting.
The ironbound preserver seems to grow stronger.
The ironbound frostheart touches you. The ironbound frostheart freezes you!
The vault warden hits you but does no damage.
The frost giant points at you and mumbles some strange words.
The bolt of cold hits you!!!
The ironbound frostheart calls freezing cold from the walls.
The frost grips you.
You are encased in ice.
The vault warden hits you but does no damage.
The frost giant points at you and mumbles some strange words.
The bolt of cold hits you!
The ironbound frostheart calls freezing cold from the walls.
The frost grips you but does no damage.
The vault warden hits you from afar with a +0 bardiche!!
* * * LOW HITPOINT WARNING * * *
The great orb of eyes bites you.
* * * LOW HITPOINT WARNING * * *
The runic seals fade away.
The vault warden hits you from afar with a +3 bardiche of protection!!
You die...

## ##....## #?.
#...)..##
#...#.......##
#...##)......#
#....+)...c..+ ##
#....+[..pp..# .#
...##)p.cp.#####
.+ #...CpG##../#
.# #####†@.#....#
.#
####)}$##†.+....#
.+ #...(...##)#
)# ........+.##
.###
####.....#..##
...#
#.)##....#...#
...#
#...##...+..##
####
#....'..##..+...
#
#....'.##...+...


You could see an ironbound preserver (strong), a frost giant (sheltered), 2
vault wardens, a great orb of eyes (sheltered), an ironbound frostheart
(sheltered), a centaur warrior (sheltered), an ironbound convoker (sheltered)
and a yaktaur (sheltered).

Vanquished Creatures
  Boris (Vaults:2)
  Saint Roka (Vaults:2)
  2 bone dragons
  An Ice Fiend (IceCv)
  3 tentacled monstrosities
  A quicksilver dragon (Vaults:2)
  4 tentacled starspawn
  An ancient champion (Vaults:2)
  A shadow dragon (Vaults:2)
  A sphinx (Vaults:2)
  Gastronok (Lair:3)
  Kirke (Swamp:4)
  3 fire giants
  4 thorn hunters
  Agnes (Snake:4)
  2 fenstrider witches
  Donald (Snake:1)
  14 nagarajas
  A tengu reaver (Vaults:2)
  12 vault wardens
  Aizul (Snake:3)
  A draconian scorcher (Abyss:2)
  4 frost giants
  Louise (Snake:1)
  2 orc warlords
  13 very ugly things
  A war gargoyle (Vaults:4)
  18 ironbound preservers
  An ophan (Abyss:3)
  5 stone giants
  An entropy weaver (Vaults:1)
  A yellow draconian (Abyss:3)
  10 dire elephants
  A red draconian (Abyss:3)
  5 bunyips
  5 eleionomae
  An eidolon (Abyss:2)
  5 ettins
  A deep elf death mage (Vaults:2)
  6 fire dragons (Depths:1)
  2 jiangshi (Depths:1)
  5 ironbound thunderhulks
  3 shambling mangroves
  2 deep elf high priests
  2 great orbs of eyes
  13 yaktaur captains
  9 anacondas
  21 naga warriors
  9 vault guards
  19 starcursed masses
  30 hydras
  A caustic shrike simulacrum (IceCv)
  A rakshasa (Abyss:3)
  7 boulder beetles
  6 salamander tyrants
  3 peacekeepers (Vaults:4)
  2 catoblepae
  An ice dragon (Depths:1)
  3 ghost crabs
  A spriggan air mage (Swamp:3)
  2 death knights
  5 ironbound frosthearts
  A demonspawn (Orc:2)
  8 two-headed ogres
  13 alligators
  3 ogre magi
  8 centaur warriors
  A tengu warrior (D:13)
  A vampire mage (Depths:1)
  A deep troll earth mage (Depths:1)
  A thrashing horror (Abyss:3)
  10 hell knights (Depths:1)
  12 spriggans
  7 orc high priests (Orc:2)
  11 death yaks
  11 naga sharpshooters
  A deep elf knight (D:13)
  Nergalle (Orc:1)
  7 shock serpents
  5 wretched stars
  A fire crab (Abyss:2)
  A shadow wraith (Vaults:1)
  2 sixfirhies
  9 skeletal warriors (D:15)
  6 salamander mystics
  10 goliath frogs
  3 spriggan druids (Swamp:3)
  9 naga ritualists
  55 deep trolls
  2 death drakes
  10 bog bodies
  8 swamp dragons
  9 ironbound convokers
  An obsidian statue (IceCv)
  7 harpies (Vaults:1)
  A wolf spider (D:15)
  4 necromancers
  6 orc knights
  6 wizards
  A phantasmal warrior (Vaults:2)
  3 deep elf pyromancers (D:13)
  10 orc sorcerers
  7 mana vipers
  8 lindwurms
  2 deep elf zephyrmancers (D:13)
  28 ugly things
  A human zombie (Vaults:1)
  2 cyclopes
  A manticore (D:12)
  6 will-o-the-wisps
  6 elephants (Lair:6)
  15 naga magi
  21 salamanders
  A faun (shapeshifter) (Vaults:4)
  A stone giant skeleton (Vaults:1)
  2 ice statues (Swamp:4)
  A water nymph (shapeshifter) (Vaults:3)
  An orange demon (Abyss:2)
  21 cane toads
  8 vault sentinels
  5 guardian serpents
  3 gargoyles
  An unseen horror (D:12)
  An apocalypse crab (Abyss:3)
  A torpor snail (Lair:4)
  35 black mambas
  Psyche (D:8)
  2 rime drakes
  A kobold demonologist (D:13)
  9 komodo dragons
  2 freezing wraiths
  31 yaktaurs
  3 anaconda simulacra (IceCv)
  2 golden dragon simulacra (IceCv)
  7 trolls
  8 entropy weaver simulacra (IceCv)
  10 tyrant leeches
  6 meliai
  10 ice devils
  A meliai (shapeshifter) (D:14)
  2 ancient zymes
  3 bloated husks
  A wolf spider simulacrum (D:14)
  Prince Ribbit (Lair:3)
  13 hornets
  27 slime creatures
  23 blink frogs
  A blink frog (shapeshifter) (D:13)
  15 dream sheep (Lair:4)
  7 raiju (Abyss:2)
  An elf simulacrum (Vaults:1)
  A ynoxinul (Abyss:3)
  7 wraiths
  A vampire (D:12)
  A dire elephant simulacrum (IceCv)
  3 water elementals (Depths:1)
  A chaos spawn (Abyss:2)
  3 wyverns
  7 large abominations
  6 spriggan simulacra (IceCv)
  4 steam dragons
  63 yaks
  3 neqoxecs
  2 hogs (Swamp:4)
  5 small abominations
  4 basilisks
  31 vampire mosquitoes
  6 minotaur simulacra (IceCv)
  19 swamp worms
  A harpy simulacrum (IceCv)
  6 wargs
  40 nagas
  3 acid dragons
  3 hydra simulacra (IceCv)
  10 water moccasins
  12 swamp drakes
  3 sky beasts
  A hornet zombie (D:6)
  44 orc warriors
  An ice beast (D:6)
  2 ettin simulacra (IceCv)
  9 ogres
  An alligator simulacrum (IceCv)
  2 black bears
  45 wolves
  5 centaurs
  A phantom (D:5)
  6 kobold brigands
  3 deep troll simulacra (IceCv)
  A gnoll sergeant (D:6)
  19 bullfrogs
  A scorpion (D:2)
  A wyvern zombie (D:8)
  A water moccasin skeleton (D:4)
  A lindwurm simulacrum (IceCv)
  11 killer bees
  4 wights (D:7)
  4 howler monkeys
  4 centaur zombies
  2 hounds
  9 jellies
  A quasit (Abyss:2)
  2 gnoll shamans
  A centaur skeleton (D:5)
  39 orc priests
  2 iguanas
  A bullfrog skeleton (D:6)
  42 orc wizards
  Natasha (thrice) (D:2)
  17 hell rats
  A killer bee zombie (D:5)
  8 mummies (Ossuary)
  A howler monkey zombie (D:10)
  11 gnolls
  7 adders
  2 shadow imps
  4 white imps
  2 ufetubi
  An adder skeleton (D:4)
  3 worms
  3 dart slugs
  104 orcs
  6 endoplasms
  5 giant cockroaches
  3 gnoll zombies (Ossuary)
  11 hobgoblins
  A quokka (D:1)
  6 ball pythons
  5 bats
  3 frilled lizards
  10 goblins
  3 hobgoblin zombies (Ossuary)
  15 kobolds
  A kobold zombie (Ossuary)
  An orc zombie (Ossuary)
  2 quokka zombies (D:6)
  5 rats
  4 starspawn tentacles (Abyss:3)
1676 creatures vanquished.

Vanquished Creatures (collateral kills)
  23 foxfires
23 creatures vanquished.

Vanquished Creatures (others)
  Nikola (Vaults:2)
  A steam dragon (D:8)
  3 orcs (D:11)
  1252 foxfires
  53 fungi
  109 plants
  2 starspawn tentacles (Abyss:3)
1421 creatures vanquished.

Grand Total: 3120 creatures vanquished

Notes
Turn   | Place    | Note
-------+----------+-------------------------------------------
     0 | D:1      | Essalna the Gargoyle Fire Elementalist began the quest for
                  | the Orb.
     0 | D:1      | Reached XP level 1. HP: 10/10 MP: 3/3
   425 | D:1      | Reached XP level 2. HP: 13/15 MP: 1/5
  1112 | D:2      | Reached XP level 3. HP: 19/19 MP: 2/6
  1183 | D:2      | Found a basalt altar of Yredelemnul.
  1195 | D:2      | Noticed Natasha
  1204 | D:2      | Killed Natasha
  1288 | D:2      | Noticed Natasha
  1294 | D:2      | Killed Natasha
  1295 | D:2      | Reached XP level 4. HP: 19/24 MP: 1/8
  1363 | D:2      | Noticed a scorpion
  1376 | D:2      | HP: 1/24 [scorpion (3)]
  1396 | D:2      | Killed a scorpion
  1397 | D:2      | Reached XP level 5. HP: 3/28 MP: 0/9
  1703 | D:2      | Noticed Natasha
  1765 | D:2      | Killed Natasha
  1857 | D:2      | Found a faded altar of an unknown god.
  2881 | D:2      | Learned a level 2 spell: Scorch
  3231 | D:3      | Reached XP level 6. HP: 32/32 MP: 5/11
  3450 | D:4      | Noticed an orc warrior
  3536 | D:4      | Found Yrrekhluo's Weapon Shoppe.
  3676 | D:4      | Reached skill level 5 in Fire Magic
  3676 | D:4      | Reached XP level 7. HP: 36/36 MP: 7/13
  4169 | D:4      | Reached skill level 5 in Conjurations
  4277 | D:4      | Found a burning altar of Makhleb.
  4644 | D:5      | Entered Level 5 of the Dungeon
  4737 | D:5      | Learned a level 4 spell: Flame Wave
  4974 | D:5      | Reached skill level 5 in Spellcasting
  4974 | D:5      | Reached XP level 8. HP: 41/41 MP: 6/15
  5849 | D:6      | Identified a scroll of acquirement
  5849 | D:6      | Acquired 553 gold pieces
  5907 | D:6      | Reached skill level 1 in Fighting
  5907 | D:6      | Reached skill level 1 in Armour
  6095 | D:6      | Found a sand-covered staircase.
  6104 | Ossuary  | Entered an ossuary
  6280 | Ossuary  | Reached XP level 9. HP: 48/48 MP: 12/17
  7557 | D:7      | Identified the +2 robe of the Onion {rN+}
  7682 | D:7      | Found a staircase to the Ecumenical Temple.
  7691 | Temple   | Entered the Ecumenical Temple
  7814 | Temple   | Became a worshipper of Vehumet
  8195 | D:7      | Noticed a hornet
  8203 | D:7      | Killed a hornet
  8975 | D:8      | Reached XP level 10. HP: 56/56 MP: 12/19
  9114 | D:8      | Noticed Psyche
  9115 | D:8      | Killed Psyche
  9220 | D:8      | Reached * piety under Vehumet
  9220 | D:8      | Offered knowledge of Shock by Vehumet.
  9858 | D:8      | Found an ancient bone altar of Kikubaaqudgha.
 10134 | D:8      | Reached skill level 5 in Armour
 10555 | D:8      | Reached skill level 5 in Fighting
 10851 | D:9      | Noticed a two-headed ogre
 10859 | D:9      | Killed a two-headed ogre
 11116 | D:9      | Reached XP level 11. HP: 58/64 MP: 14/22
 11393 | D:9      | Reached ** piety under Vehumet
 11393 | D:9      | Offered knowledge of Searing Ray by Vehumet.
 11650 | D:9      | Found a staircase to the Lair.
 11816 | D:9      | Found a glowing golden altar of the Shining One.
 11839 | D:9      | Found a sparkling altar of Nemelex Xobeh.
 11922 | D:9      | Reached skill level 5 in Dodging
 12445 | D:9      | Found Radgh's Magic Scroll Emporium.
 12609 | Lair:1   | Entered Level 1 of the Lair of Beasts
 12610 | Lair:1   | Noticed a five-headed hydra
 12611 | Lair:1   | Offered knowledge of Poisonous Vapours by Vehumet.
 12620 | Lair:1   | Killed a five-headed hydra
 12629 | Lair:1   | Reached *** piety under Vehumet
 13170 | Lair:1   | Noticed a six-headed hydra
 13176 | Lair:1   | Killed a six-headed hydra
 13580 | Lair:2   | Reached XP level 12. HP: 47/72 MP: 4/24
 13760 | Lair:2   | Reached skill level 10 in Conjurations
 13874 | Lair:2   | Offered knowledge of Olgreb's Toxic Radiance by Vehumet.
 14106 | Lair:2   | Noticed a death yak
 14106 | Lair:2   | Noticed a death yak
 14107 | Lair:2   | Noticed a death yak
 14116 | Lair:2   | Killed a death yak
 14117 | Lair:2   | Killed a death yak
 14119 | Lair:2   | Killed a death yak
 14994 | Lair:3   | Reached skill level 10 in Fire Magic
 15242 | Lair:3   | Noticed Prince Ribbit
 15242 | Lair:3   | Noticed a four-headed hydra
 15249 | Lair:3   | Killed a four-headed hydra
 15251 | Lair:3   | Killed Prince Ribbit
 15352 | Lair:3   | Noticed Gastronok
 15365 | Lair:3   | Killed Gastronok
 15791 | Lair:3   | Reached **** piety under Vehumet
 16150 | Lair:3   | Noticed a five-headed hydra
 16155 | Lair:3   | Killed a five-headed hydra
 16155 | Lair:3   | Offered knowledge of Hailstorm by Vehumet.
 16237 | Lair:3   | Reached XP level 13. HP: 80/80 MP: 26/26
 16892 | Lair:4   | Found a staircase to the Snake Pit.
 17183 | Lair:4   | Found a staircase to the Swamp.
 17209 | Lair:4   | Learned a level 7 spell: Ozocubu's Refrigeration
 17334 | Lair:4   | Reached ***** piety under Vehumet
 17458 | Lair:4   | Offered knowledge of Starburst by Vehumet.
 17466 | Lair:4   | Learned a level 6 spell: Starburst
 17538 | Lair:5   | Found a runed translucent door.
 17538 | Lair:5   | Found a viscous altar of Jiyva.
 17538 | Lair:5   | Found a staircase to the Slime Pits.
 17545 | Lair:5   | Reached skill level 1 in Ice Magic
 17547 | Lair:5   | Reached skill level 10 in Spellcasting
 18039 | Lair:5   | Reached skill level 10 in Fighting
 18598 | Lair:6   | Entered Level 6 of the Lair of Beasts
 18634 | Lair:6   | Gained mutation: Your large and strong wings let you fly.
                  | [Gargoyle growth]
 18634 | Lair:6   | Reached XP level 14. HP: 88/88 MP: 28/28
 19162 | Lair:6   | Offered knowledge of Sticky Flame by Vehumet.
 19170 | Lair:6   | Reached skill level 5 in Ice Magic
 20197 | D:10     | Entered Level 10 of the Dungeon
 21196 | D:11     | Reached XP level 15. HP: 96/96 MP: 5/30
 21468 | D:11     | Found a staircase to the Orcish Mines.
 21858 | D:11     | Offered knowledge of Orb of Destruction by Vehumet.
 22558 | Orc:1    | Entered Level 1 of the Orcish Mines
 22851 | Orc:2    | Entered Level 2 of the Orcish Mines
 23532 | Orc:2    | Found Vabyut's General Store.
 23533 | Orc:2    | Found Muackits's Distillery.
 23967 | Orc:2    | Found a staircase to the Elven Halls.
 24082 | Orc:2    | Offered knowledge of Yara's Violent Unravelling by Vehumet.
 24228 | Orc:2    | Reached ****** piety under Vehumet
 24401 | Orc:2    | Found Luimocig's Jewellery Shoppe.
 24401 | Orc:2    | Found Agacir's Antique Armour Emporium.
 24402 | Orc:2    | Found a one-way gate leading to the halls of Pandemonium.
 24406 | Orc:2    | Bought a slimy robe for 153 gold pieces
 24406 | Orc:2    | Identified the +1 robe "Fikhaph" {Str+4 Int+2 Dex+2} (You
                  | bought it in a shop on level 2 of the Orcish Mines)
 24408 | Orc:2    | Bought the +4 robe of Folly {Brilliance Will-∞ Int+8} for
                  | 1201 gold pieces
 24408 | Orc:2    | Found the +4 robe of Folly {Brilliance Will-∞ Int+8}
 24644 | Orc:1    | Noticed an orc warlord
 24645 | Orc:1    | Noticed Nergalle
 24772 | Orc:1    | Killed Nergalle
 24773 | Orc:1    | Killed an orc warlord
 25607 | D:12     | Found a sparkling altar of Nemelex Xobeh.
 25774 | D:13     | Offered knowledge of Spellforged Servitor by Vehumet.
 25775 | D:13     | Reached XP level 16. HP: 104/104 MP: 32/32
 25896 | D:13     | Found a gate to the Vaults.
 26360 | D:13     | Acquired the amulet of the Cuttlefish {RegenMP Dex+4}
 26594 | D:13     | Found Seruidik's Antique Armour Boutique.
 26600 | D:13     | Bought smoking acid dragon scales for 1170 gold pieces
 26600 | D:13     | Identified the +6 acid dragon scales of the First Snow
                  | {rCorr Slay+2} (You bought it in a shop on level 13 of the
                  | Dungeon)
 26603 | D:13     | Bought a faintly glowing leather armour for 182 gold pieces
 26603 | D:13     | Identified the +3 leather armour of Parlour Games {Regen+}
                  | (You bought it in a shop on level 13 of the Dungeon)
 26603 | D:13     | Bought a fading scale mail for 234 gold pieces
 26603 | D:13     | Identified the +5 scale mail of the Wasteland {rC- rN++
                  | SInv Stlth+} (You bought it in a shop on level 13 of the
                  | Dungeon)
 27219 | D:14     | Found a runed translucent gate.
 27219 | D:14     | Found a runed translucent gate.
 27220 | D:14     | Found a runed translucent gate.
 27221 | D:14     | Noticed StikS32's ghost (journeyman MiFi)
 27221 | D:14     | Found the +8 whip "Snakebite" {venom, curare, rPois}
 27291 | D:14     | Found an iron altar of Okawaru.
 27337 | D:15     | Entered Level 15 of the Dungeon
 27484 | D:15     | Found a staircase to the Depths.
 27589 | D:15     | Reached skill level 10 in Ice Magic
 28114 | Swamp:1  | Entered Level 1 of the Swamp
 28117 | Swamp:1  | Offered knowledge of Iskenderun's Battlesphere by Vehumet.
 28323 | Swamp:1  | Reached XP level 17. HP: 112/112 MP: 34/34
 28773 | Swamp:2  | Reached skill level 15 in Fire Magic
 29084 | Swamp:2  | Reached skill level 15 in Fighting
 29087 | Swamp:2  | Reached skill level 1 in Shields
 29549 | Swamp:3  | Offered knowledge of Iron Shot by Vehumet.
 29771 | Swamp:3  | Noticed a tentacled monstrosity
 29771 | Swamp:3  | Noticed a tentacled monstrosity
 29777 | Swamp:3  | Killed a tentacled monstrosity
 29778 | Swamp:3  | Killed a tentacled monstrosity
 30123 | Swamp:4  | Entered Level 4 of the Swamp
 30179 | Swamp:4  | Found a frozen archway.
 30204 | IceCv    | Entered an ice cave
 30368 | IceCv    | Offered knowledge of Lehudib's Crystal Spear by Vehumet.
 30368 | IceCv    | Offered knowledge of Polar Vortex by Vehumet.
 30368 | IceCv    | Offered knowledge of Ignition by Vehumet.
 30408 | IceCv    | HP: 1/114 [entropy weaver simulacrum (52)]
 30483 | IceCv    | Reached XP level 18. HP: 100/120 MP: 36/36
 30663 | IceCv    | Learned a level 8 spell: Ignition
 30709 | IceCv    | Noticed an Ice Fiend
 30712 | IceCv    | Killed an Ice Fiend
 31205 | Swamp:4  | Noticed Kirke
 31209 | Swamp:4  | Killed Kirke
 31400 | Swamp:4  | Got a decaying rune of Zot
 31851 | Snake:1  | Entered Level 1 of the Snake Pit
 31851 | Snake:1  | Noticed Donald
 31854 | Snake:1  | Killed Donald
 31918 | Snake:1  | Acquired the +0 staff of Battle
 31918 | Snake:1  | Found the +0 staff of Battle
 32091 | Snake:1  | Reached skill level 15 in Spellcasting
 32260 | Snake:1  | Noticed Louise
 32263 | Snake:1  | Cast into level 3 of the Abyss (Louise)
 32388 | Abyss:3  | Found a corrupted altar of Lugonu.
 32423 | Abyss:3  | Found a corrupted altar of Lugonu.
 32432 | Abyss:3  | Noticed a bone dragon
 32438 | Abyss:3  | Killed a bone dragon
 32524 | Snake:1  | Escaped the Abyss
 32531 | Snake:1  | Killed Louise
 33313 | Snake:1  | Reached XP level 19. HP: 125/127 MP: 38/38
 33818 | Snake:2  | Identified the +7 hunting sling of the Dragonfly {flame,
                  | Will+}
 33876 | Snake:2  | Found Waorynua's Assorted Antiques.
 33947 | Snake:2  | Bought a pitted quarterstaff for 342 gold pieces
 33947 | Snake:2  | Identified the +2 quarterstaff "Heebel" {drain, *Rage rF+
                  | rC+ SInv} (You bought it in a shop on level 2 of the Snake
                  | Pit)
 34699 | Snake:3  | Noticed Aizul
 34703 | Snake:3  | Killed Aizul
 34983 | Snake:4  | Entered Level 4 of the Snake Pit
 34997 | Snake:4  | Noticed Agnes
 35000 | Snake:4  | Killed Agnes
 35945 | Snake:4  | Reached XP level 20. HP: 136/136 MP: 36/40
 36408 | Snake:4  | Got a serpentine rune of Zot
 36768 | Depths:1 | Entered Level 1 of the Depths
 37003 | Depths:1 | Found a shimmering altar of Xom.
 37597 | Depths:1 | Reached skill level 15 in Ice Magic
 37722 | Depths:1 | Found Peost's Jewellery Boutique.
 37723 | Depths:1 | Found Jiso's Book Shoppe.
 37723 | Depths:1 | Found Nehomor's Book Shoppe.
 37733 | Depths:1 | Bought a manual of Dodging for 1040 gold pieces
 37747 | Depths:1 | Found a gateway to Hell.
 37902 | Depths:1 | Found a shimmering altar of Xom.
 37911 | Depths:1 | Found a shimmering altar of Xom.
 37911 | Depths:1 | Found a shimmering altar of Xom.
 37913 | Depths:1 | Found a shimmering altar of Xom.
 37914 | Depths:1 | Found a shimmering altar of Xom.
 37914 | Depths:1 | Found a shimmering altar of Xom.
 38074 | Vaults:1 | Entered Level 1 of the Vaults
 38230 | Vaults:1 | Found Xeturargh's Assorted Antiques.
 38434 | Vaults:1 | Reached XP level 21. HP: 127/143 MP: 42/42
 39627 | Vaults:2 | Noticed Boris
 39635 | Vaults:2 | Killed Boris
 39891 | Vaults:2 | Noticed Nikola
 39896 | Vaults:2 | Killed Nikola
 40043 | Vaults:2 | Acquired 683 gold pieces
 40209 | Vaults:2 | Found a huge runed gate.
 40209 | Vaults:2 | Found a huge runed gate.
 40209 | Vaults:2 | Found a huge runed gate.
 40209 | Vaults:2 | Found a huge runed gate.
 40209 | Vaults:2 | Found a huge runed gate.
 40210 | Vaults:2 | Found a huge runed gate.
 40210 | Vaults:2 | Found a huge runed gate.
 40210 | Vaults:2 | Found a huge runed gate.
 40210 | Vaults:2 | Found a huge runed gate.
 40210 | Vaults:2 | Found a huge runed gate.
 40211 | Vaults:2 | Found a huge runed gate.
 40212 | Vaults:2 | Found a huge runed gate.
 40213 | Vaults:2 | Found a huge runed gate.
 40214 | Vaults:2 | Found a huge runed gate.
 40215 | Vaults:2 | Found a huge runed gate.
 40223 | Vaults:2 | Found a huge runed gate.
 40223 | Vaults:2 | Found a huge runed gate.
 40223 | Vaults:2 | Found a huge runed gate.
 40223 | Vaults:2 | Found a huge runed gate.
 40223 | Vaults:2 | Found a huge runed gate.
 40223 | Vaults:2 | Found a huge runed gate.
 40224 | Vaults:2 | Found a huge runed gate.
 40225 | Vaults:2 | Found a huge runed gate.
 40226 | Vaults:2 | Found a huge runed gate.
 40234 | Vaults:2 | Found a huge runed gate.
 40234 | Vaults:2 | Found a huge runed gate.
 40234 | Vaults:2 | Found a huge runed gate.
 40234 | Vaults:2 | Found a huge runed gate.
 40234 | Vaults:2 | Found a huge runed gate.
 40234 | Vaults:2 | Found a huge runed gate.
 40235 | Vaults:2 | Found a huge runed gate.
 40236 | Vaults:2 | Found a huge runed gate.
 40237 | Vaults:2 | Found a huge runed gate.
 40245 | Vaults:2 | Found a huge runed gate.
 40245 | Vaults:2 | Found a huge runed gate.
 40245 | Vaults:2 | Found a huge runed gate.
 40278 | Vaults:2 | Noticed Saint Roka
 40344 | Vaults:2 | Killed Saint Roka
 40685 | Vaults:2 | Found a staircase to the Crypt.
 41010 | Vaults:2 | Reached XP level 22. HP: 151/152 MP: 43/43
 41027 | Vaults:2 | Identified the +5 battleaxe "Fabeizea" {vamp, Str+2}
 41205 | Vaults:3 | You are sucked into a shaft and drop 1 floor!
 41323 | Vaults:4 | Found a transporter.
 41365 | Vaults:4 | Found a transporter.
 42268 | Vaults:3 | Cast into level 2 of the Abyss (a wizard)
 42526 | Vaults:3 | Escaped the Abyss
 42712 | Vaults:3 | Paralysed by a great orb of eyes for 7 turns
 42717 | Vaults:3 | Slain by a vault warden

Illustrated notes

Levels and vault maps discovered:
D:1:      matt_arrival_los_fun, layout_basic
D:2:      layout_basic, basic_altar, hellmonk_ecumenical_altar_zigzags,
          kennysheep_nub, st_stairs_4, minmay_cupped, uniq_natasha
D:3:      layout_basic, item_on_display_a
D:4:      cheibrodos_pilgrimage, layout_basic, lightli_temple_of_fire,
          serial_shops, nicolae_shop_stone, dk_noncrumbling_2
D:5:      layout_basic
D:6:      minmay_polygon_palace, layout_basic, enter_ossuary_4
D:7:      layout_loops_corners, minmay_temple_entry_junction
D:8:      kennysheep_steamy, layout_rooms, mainiacjoe_overflow_six_doors_small,
          serial_co_window_serial, co_window_paths_a, co_window_corner_a,
          co_window_corner_a, co_window_paths_a, co_window_paths_a,
          co_window_corner_ca, co_window_corner_b, co_window_of_opportunity_b,
          co_window_corner_b, co_window_4corner_b, co_window_sun,
          glass_columns_b, glass_columns_b, lightli_minifort, uniq_psyche
D:9:      minmay_flawed_box, layout_basic, mainiacjoe_overflow_big_doors,
          erik_lair_orcish_takeover, serial_shops,
          nicolae_shop_temple_entry_statues_fountains
D:10:     layout_cave_pods, minmay_misc_feat_nine_boxes
D:11:     layout_long_grid, erik_orc_1
D:12:     layout_irregular_city, chequers_garden, nemelex_spade_bored_becter
D:13:     layout_loops_ring, hangedman_vaults_entry_quadrant_bands,
          serial_shops, shop, kennysheep_opposing_triangles
D:14:     layout_small_grid, gammafunk_ghost_fury_of_okawaru
D:15:     hangedman_depths_entry_try_elsewhere_first, layout_rooms,
          hangedman_decor_riveting
Temple:   dpeg_five_rooms_temple
Lair:1:   layout_misc_corridors, serial_bayou_pond_d, lemuel_fruit_tree
Lair:2:   layout_cave_pods
Lair:3:   layout_cave_pods, serial_rivers, chequers_serial_rivers_micro_a,
          chequers_serial_rivers_room_a, chequers_serial_rivers_marsh,
          chequers_serial_rivers_small_b, chequers_serial_rivers_large_a,
          uniq_prince_ribbit2, uniq_gastronok
Lair:4:   layout_gridlike, swamp_mist, dummy_snake_entry
Lair:5:   layout_long_grid, slime_altar_2
Lair:6:   minmay_lair_end_frog_pond, layout_gridlike,
          grunt_forest_large_clearings
Swamp:1:  layout_basic_swamp, nicolae_swamp_fairy_circle
Swamp:2:  layout_basic_swamp, evilmike_swamp_ruin_rubble_1,
          infiniplex_staircase_pool
Swamp:3:  nzn_winding_woodlands_three_and_one
          [nzn_winding_woodlands_5x15_jagged, nzn_winding_woodlands_5x15_garden,
          nzn_winding_woodlands_5x15_sawtooth,
          nzn_winding_woodlands_center_lodge], layout_basic_swamp,
          nicolae_swamp_well_well_well
Swamp:4:  swamp_basic_johnstein, layout_basic_swamp,
          portal_ice_cave_entry_ice_statue_two, infiniplex_staircase_pool_2,
          uniq_kirke
Snake:1:  layout_layer_cave, nicolae_snake_gridmaze_tees, serial_bayou_crossing,
          uniq_donald, uniq_louise
Snake:2:  layout_rooms, serial_shops, nicolae_shop_trees
Snake:3:  layout_grid_maze, evilmike_ambush [evilmike_ambush_outer_basic,
          evilmike_ambush_inner_basic], grunt_megastairs_3, uniq_aizul
Snake:4:  grunt_snake_rune_spirals, layout_onion, uniq_agnes
Orc:1:    layout_caves, uniq_nergalle
Orc:2:    pf_orc_diabolical, layout_diamond_mine, david_defended_altar_orc
Vaults:1: v_misc_22, v_alt_pattern_1, vaults_mumra_chevron_long,
          vaults_mumra_chevron, vaults_room_corners,
          nicolae_vaults_little_squares_5, vaults_dpeg_doors, st_check,
          v_misc_9, grunt_vaults_hallway_long, nicolae_vaults_angled_halls,
          ontoclasm_vaults_idyll, nicolae_vaults_triangles,
          hangedman_vaults_snaps, grunt_vaults_twisty, nicolae_vaults_rhombus_5,
          layout_vaults_big_room, serial_shops, nicolae_shop_statue_plus
Vaults:2: door_vault, nicolae_vaults_border_crossing,
          ontoclasm_vaults_misaligned, minmay_crypt_entry_simple_walls,
          vaults_mumra_minichess_inversion, nicolae_vaults_diagonal_hallway_8,
          vaults_dpeg_ring, layout_vaults_omnigrid, uniq_boris, uniq_saint_roka,
          uniq_nikola
Vaults:3: nicolae_vaults_what_the_h, hangedman_vaults_stagger, st_octagons_2,
          nicolae_vaults_ninety_degrees, v_rooms_4, ontoclasm_vaults_fault,
          nicolae_vaults_twisting_passages, vaults_room_pools, v_misc_8,
          v_misc_23, nicolae_vaults_specimen_jars, v_rooms_4,
          layout_vaults_omnibox, serial_shops, shop, uniq_mara
Vaults:4: ontoclasm_vaults_loading_screen, vaults_room_ringed_pool,
          hangedman_vaults_unwind, gammafunk_its_a_trap, vaults_room_boxed,
          dpeg_vaults_monster_box, v_misc_27, ontoclasm_vaults_gateway,
          nicolae_vaults_rhombus_6, v_misc_16, layout_vaults_big_cross
Depths:1: layout_gridlike, grunt_pan_entry_zigzag, hell_entry, nrook_campfire,
          xom_redecorated, minmay_shop_grove

Skill      XL: |  1  2  3  4  5  6  7  8  9 10 11 12 13 14 15 16 17 18 19 20 21 22 |
---------------+-------------------------------------------------------------------+-----
Conjurations   | 2 3 4 5 6 7 8 9 11 12 | 12.0
Spellcasting   | 3 4 5 6 7 8 9 10 11 12 13 14 15 16 17 18 | 18.4
Fire Magic     | 4 5 6 7 8 9 10 11 12 13 14 15 16 17 18 19 20 | 20.0
Fighting       | 2 4 5 7 8 10 11 13 14 15 16 17 18 19 20 | 20.6
Armour         | 2 4 5 6 |  6.2
Dodging        | 2 3 4 5 7 8 9 |  9.8
Ice Magic      | 3 6 8 10 11 13 14 15 16 17 | 17.3
Shields        | 4 |  4.0
Stealth        | |  2.1

Action                   |  1- 3 |  4- 6 |  7- 9 | 10-12 | 13-15 | 16-18 | 19-21 | 22-24 || total
-------------------------+-------+-------+-------+-------+-------+-------+-------+-------++-------
Melee: Unarmed           |    16 |    21 |       |       |       |       |       |       ||    37
       Dagger            |     3 |    50 |     7 |       |       |       |       |       ||    60
       Staff             |       |       |    14 |    10 |    86 |    21 |    12 |     2 ||   145
 Cast: Foxfire           |    47 |   104 |   192 |   357 |    43 |       |       |       ||   743
       Scorch            |       |     5 |    48 |    30 |    14 |     5 |       |       ||   102
       Flame Wave        |       |       |     5 |    47 |    64 |     1 |       |       ||   117
       Starburst         |       |       |       |       |   182 |   340 |   277 |   104 ||   903
       Ozocubu's Refrige |       |       |       |       |       |    51 |   108 |    27 ||   186
       Ignition          |       |       |       |       |       |    11 |    32 |    24 ||    67
  Use: Scroll            |       |       |    10 |       |    11 |    10 |     2 |       ||    33
       Potion            |       |       |       |       |       |     2 |       |       ||     2
 Stab: Sleeping          |       |     1 |       |       |       |       |       |       ||     1
Armor: Robe              |     8 |    14 |    26 |    58 |   128 |   103 |    80 |    37 ||   454
       Troll leather arm |       |       |       |       |    19 |       |       |       ||    19
Dodge: Dodged            |    24 |    58 |    29 |    77 |   232 |   137 |   112 |    40 ||   709
       Repelled          |       |       |       |       |     8 |     9 |    12 |     1 ||    30
Block: Buckler           |       |       |       |       |       |    21 |    44 |     7 ||    72

Table legend: (Time is in decaauts)
 A = Elapsed time spent in this place.
 B = Non-inter-level travel time spent in this place.
 C = Inter-level travel time spent in this place.
 D = Time resting spent in this place.
 E = Time spent auto-exploring this place.
 F = Levels seen in this place.
 G = Mean time per level.
                   A        B        C        D        E       F      G
               +--------+--------+--------+--------+--------+-----+--------+
         Total |  44662 |  42258 |   2404 |   1453 |  33963 |  41 | 1089.3 |
       Dungeon |  18094 |  17019 |   1075 |    978 |  13771 |  15 | 1206.3 |
        Temple |    199 |    124 |     75 |      0 |    105 |   1 |  199.0 |
          Lair |   7940 |   7350 |    590 |    338 |   5957 |   6 | 1323.3 |
         Swamp |   3092 |   2863 |    229 |      0 |   2300 |   4 |  773.0 |
     Snake Pit |   4780 |   4580 |    200 |      0 |   3820 |   4 | 1195.0 |
  Orcish Mines |   2603 |   2430 |    173 |     94 |   1781 |   2 | 1301.5 |
        Vaults |   4686 |   4654 |     32 |     43 |   3752 |   4 | 1171.5 |
        Depths |   1297 |   1270 |     27 |      0 |   1091 |   1 | 1297.0 |
         Abyss |    547 |    547 |      0 |      0 |    277 |   2 |  273.5 |
       Ossuary |    527 |    527 |      0 |      0 |    429 |   1 |  527.0 |
      Ice Cave |    892 |    892 |      0 |      0 |    676 |   1 |  892.0 |
               +--------+--------+--------+--------+--------+-----+--------+

Top non-repeatable levels by time:
   Orc:2: 1984 daAuts
     D:8: 1970 daAuts
Vaults:2: 1770 daAuts
  Lair:3: 1765 daAuts
 Snake:4: 1616 daAuts
     D:7: 1561 daAuts
     D:9: 1556 daAuts
     D:2: 1548 daAuts
 Snake:1: 1544 daAuts
  Lair:5: 1507 daAuts
  Lair:2: 1494 daAuts
Vaults:1: 1443 daAuts
Depths:1: 1297 daAuts
    D:11: 1276 daAuts
     D:5: 1253 daAuts
